 Dungeon Crawl Stone Soup version 0.22-a0-609-gfedc9ff (webtiles) character file.

76 Hebeh the Firebug (level 4, -12/24 HPs)
             Began as a Deep Elf Fire Elementalist on July 10, 2018.
             Shot with an arrow by a centaur (15 damage)
             ... on level 3 of the Dungeon.
             The game lasted 00:11:05 (2420 turns).

Hebeh the Firebug (Deep Elf Fire Elementalist)      Turns: 2420, Time: 00:11:06

Health: -12/24     AC:  2    Str:  6    XL:     4   Next: 12%
Magic:  5/11       EV: 13    Int: 20    God:
Gold:   138        SH:  0    Dex: 15    Spells: 7/10 levels left

rFire    . . .     SeeInvis .   b - +0 hunting sling
rCold    . . .     Gourm    .   (no shield)
rNeg     . . .     Faith    .   j - +0 robe
rPois    .         Spirit   .   (no helmet)
rElec    .         Reflect  .   (no cloak)
rCorr    .         Harm     .   (no gloves)
MR       .....                  (no boots)
Stlth    ++........             (no amulet)
HPRegen  0.08/turn              d - ring of wizardry
MPRegen  0.12/turn              (no ring)

@: no status effects
A: no striking features
a: no special abilities


You were on level 3 of the Dungeon.
You were hungry.

You visited 1 branch of the dungeon, and saw 3 of its levels.

You collected 138 gold pieces.

Inventory:

Hand Weapons
 a - a +0 short sword
 b - a +0 hunting sling (weapon)
Missiles
 h - 53 stones
 i - 5 tomahawks
 n - 17 sling bullets (quivered)
Armour
 j - a +0 robe (worn)
Jewellery
 d - a ring of wizardry (left hand)
 g - an uncursed amulet of faith
Wands
 s - a wand of clouds (4)
Scrolls
 e - a scroll of remove curse {unknown}
 f - 3 scrolls of identify
 p - a scroll of teleportation {unknown}
Potions
 k - a potion of heal wounds {unknown}
 l - a potion of curing {unknown}
 m - a potion of invisibility {unknown}
 q - a potion of agility {unknown}
 r - a potion of lignification {unknown}
Comestibles
 c - 9 rations
 o - 6 chunks of flesh


   Skills:
 - Level 2.4 Dodging
 - Level 2.4 Stealth
 + Level 3.9 Spellcasting
 * Level 3.2 Conjurations
 + Level 4.0 Fire Magic


You had 7 spell levels left.
You knew the following spells:

 Your Spells              Type           Power        Failure   Level  Hunger
a - Flame Tongue          Conj/Fire      ###..        1%          1    None
b - Throw Flame           Conj/Fire      ###...       1%          2    ##.....

Your spell library contained the following spells:

 Spells                   Type           Power        Failure   Level  Hunger
 Fireball                 Conj/Fire      ###.......   32%         5    ######.
 Conjure Flame            Conj/Fire      ###.....     3%          3    ###....
 Sticky Flame             Conj/Fire      ###.....     12%         4    ####...
 Inner Flame              Hex/Fire       ##......     7%          3    ###....


Dungeon Overview and Level Annotations

Branches:
Dungeon (3/15)

Altars:
Trog


Message History

Casting: Throw Flame (safe; 1% risk of failure)
Confirm with . or Enter, or press ? or * to list all spells.
Aiming: Throw Flame (safe; 1% risk of failure)
Press: ? - help, Shift-Dir - straight line, f/p - centaur
Aim: a centaur, wielding a shortbow (lightly wounded)
The puff of flame misses the centaur.
The centaur shoots an arrow.
The arrow hits you!
* * * LOW HITPOINT WARNING * * *
The centaur shoots an arrow.
The arrow barely misses you.
Things that are here:
2 arrows; 2 stones The centaur shoots an arrow.
The arrow closely misses you.
The centaur shoots an arrow.
The arrow barely misses you.
You see here 2 arrows.
You are feeling hungry.
The centaur shoots an arrow.
The arrow misses you.
You see here a leopard gecko skeleton.
The centaur shoots an arrow.
The arrow hits you!
Ouch! That really hurt!
You die...

##### #####.((## #####..#8(..8#
###.....###...## ##...##### #..c#
##..#########...##
).........##8...8#
#############...#### ### #
###8###8##..(##8###8####### #
#...........รท@.........<..### #
#.....(...............###...##
####...........(.........##......
.....#8###8##...##8###8#....#####
####.########...#### ########
#.......#8...8# #######)##...##
#.##...# #.##...##


You could see a centaur.

Vanquished Creatures
  2 adders (D:3)
  An ooze (D:1)
  2 worms
  A dart slug (D:2)
  2 leopard geckos (D:3)
  An orc (D:3)
  A giant cockroach (D:1)
  5 goblins
  6 hobgoblins
  2 jackals (D:3)
  A quokka (D:2)
  3 bats
  4 frilled lizards
  6 kobolds
  10 rats
47 creatures vanquished.

Notes
Turn   | Place    | Note
-------+----------+-------------------------------------------
     0 | D:1      | Hebeh the Deep Elf Fire Elementalist began the quest for the Orb.
     0 | D:1      | Reached XP level 1. HP: 10/10 MP: 6/6
   214 | D:1      | Reached XP level 2. HP: 9/15 MP: 0/8
  1052 | D:2      | Found a bloodstained altar of Trog.
  1368 | D:2      | Learned a level 2 spell: Throw Flame
  1443 | D:2      | Reached XP level 3. HP: 19/19 MP: 3/10
  1722 | D:2      | Found a faded altar of an unknown god.
  2406 | D:3      | Reached skill level 4 in Fire Magic
  2406 | D:3      | Reached XP level 4. HP: 24/24 MP: 7/11
  2406 | D:3      | Noticed a centaur
  2420 | D:3      | Shot with an arrow by a centaur

Vault maps used:
D:1:      dpeg_arrival_tiny_a, minmay_pentomino_w4
D:2:      lemuel_doored_altar, chequers_ecumenical_altar_lobes
D:3:      first_ration, solitary_fountain, corexii_hall_statues_x

Skill      XL: |  1  2  3 |
---------------+----------+-----
Conjurations   | 2 3 |  3.2
Fire Magic     | 4 |  4.0
Dodging        | |  2.4
Stealth        | |  2.4
Spellcasting   | |  3.9

Action                   |  1- 3 |  4- 6 || total
-------------------------+-------+-------++-------
 Fire: Hunting sling     |    63 |     1 ||    64
 Cast: Flame Tongue      |    63 |     1 ||    64
       Throw Flame       |     2 |     2 ||     4
  Use: Scroll            |     1 |       ||     1
  Eat: Chunk             |     4 |       ||     4
Armor: Robe              |     7 |       ||     7
Dodge: Dodged            |    21 |     6 ||    27

Table legend:
 A = Spawn XP
 B = Non-spawn XP
 C = Spawn XP percentage of total XP
 D = Spawn monster count
 E = Non-spawn monster count
 F = Spawn count percentage of total count
 G = Total turns spent on level
                    A         B        C        D         E        F      G
               +---------+---------+-------+---------+---------+-------+---------
         Total |       0 |     109 |   0.0 |       0 |      47 |   0.0 |  2420
               +---------+---------+-------+---------+---------+-------+---------
           D:1 |       0 |      27 |   0.0 |       0 |      16 |   0.0 |   816
           D:2 |       0 |      20 |   0.0 |       0 |      10 |   0.0 |   976
           D:3 |       0 |      62 |   0.0 |       0 |      21 |   0.0 |   628
               +---------+---------+-------+---------+---------+-------+---------
